AoeStats
← Lusty Argonian Maid

Nomad

509708867Analyzed
2v2 RM · 5d ago on Sep 27, 2026· 25m 47s· 4 players
Game mode
Random Map
Map size
176×176
Population
200
Speed
Normal
Resources
Standard
Victory
Conquest
Starting age
Dark Age
Ending age
Imperial Age
RankedLock teamsTeams togetherTeam positionsShared explorationLock speedFull tech treeHidden civsTurbo modeCheats
Victory
Defeat
🇨🇦 Franks · Canada
1424
+17
🇺🇸 Aztecs · United States
1408
+17
🇬🇧 Khitans · United Kingdom
1446
-17
🇬🇧 Danes · United Kingdom
1440
-17
[FORD]DarkHorse
5:05 Loom
12:49 Feudal Age
14:23 Town Watch
17:06 Castle Age
18:14 Scale Mail Armor
18:24 Forging
Florida Man
9:30 Loom
11:48 Feudal Age
14:08 Town Watch
16:50 Castle Age
15:58 Double-Bit Axe
18:24 Forging
18:34 Medium Warships
21:33 Scale Mail Armor
21:31 Horse Collar
23:51 Wheelbarrow
24:28 Fishing Lines
25:03 Squires
25:07 Gold Mining
Lusty Argonian Maid
6:43 Loom
13:57 Feudal Age
17:59 Castle Age
23:34 Scale Mail Armor
Quill-Weave
12:44 Feudal Age
13:17 Town Watch
15:37 Wheelbarrow
19:25 Castle Age
17:31 Gold Mining
18:07 Forging
18:01 Double-Bit Axe
19:02 Domestication
19:22 Loom
Connection lost

Rejoining the realm…

Still unreachable

The connection could not be restored.

Session expired

The server has moved on; the page needs a fresh start.